AoeStats
← rattanite

Arabia

503396167Analyzed
1v1 RM · 2mo ago on Aug 31, 2026· 26m 38s· 2 players
Game mode
Random Map
Map size
Tiny (2 player)
Population
200
Speed
Normal
Resources
Standard
Victory
Conquest
Starting age
Dark Age
Ending age
Imperial Age
RankedLock teamsTeams togetherTeam positionsShared explorationLock speedFull tech treeHidden civsTurbo modeCheats
Victory
Defeat
🇦🇷 Armenians · Argentina
1027
+16
vs
🇷🇸 Japanese · Serbia
1035
-16
rattanite
8:16 Loom
10:59 Feudal Age
11:08 Man-at-Arms
13:59 Long Swordsman
18:41 Scale Mail Armor
18:35 Arson
20:57 Double-Bit Axe
25:10 Castle Age
22:58 Horse Collar
23:12 Stone Mining
25:15 Forging
25:39 Two-Handed Swordsman
26:42 Chain Mail Armor
drançao
7:41 Loom
10:09 Feudal Age
10:38 Double-Bit Axe
10:39 Man-at-Arms
14:00 Scale Mail Armor
17:20 Horse Collar
18:22 Fletching
24:37 Gold Mining
Connection lost

Rejoining the realm…

Still unreachable

The connection could not be restored.

Session expired

The server has moved on; the page needs a fresh start.